 Dungeon Crawl Stone Soup version 0.27-a0-1500-g450c7e4133 (webtiles) character file.

Game seed: 375867189587458913

119 dolemite99 the Chopper (level 5, -9/45 HPs)
             Began as a Hill Orc Monk on July 8, 2021.
             Was a Priest of Qazlal.
             Killed by nerve-wracking pain
             ... invoked by an orc priest
              (14 damage)
             ... on level 3 of the Dungeon.
             The game lasted 00:02:12 (2611 turns).

dolemite99 the Chopper (Hill Orc Monk)              Turns: 2611, Time: 00:02:13

Health: -9/45      AC:  9    Str: 15    XL:     5   Next: 3%
Magic:  5/5        EV:  6    Int: 10    God:    Qazlal [***...]
Gold:   46         SH:  3    Dex: 13    Spells: 4/4 levels left

rFire    . . .     SeeInvis .   a - +0 hand axe
rCold    . . .     Faith    .   (no shield)
rNeg     . . .     Spirit   .   k - +0 chain mail
rPois    .         Reflect  .   h - +0 helmet
rElec    .         Harm     .   (no cloak)
rCorr    .         Rampage  .   (no gloves)
Will     .....     Clarity  +   (no boots)
Stlth    ..........             (no amulet)
HPRegen  0.15/turn              (no ring)
MPRegen  0.09/turn              (no ring)

@: very slightly contaminated, invisible
A: hooves 1, clarity, evolution 1
a: Renounce Religion, Upheaval, Elemental Force


You were on level 3 of the Dungeon.
You worshipped Qazlal.
Qazlal was most pleased with you.
You visited 1 branch of the dungeon, and saw 3 of its levels.

You collected 46 gold pieces.

Inventory:

Hand Weapons
 a - a +0 hand axe (weapon)
Missiles
 b - 22 sling bullets
 n - 17 bolts
Armour
 e - a +0 scale mail
 h - a +0 helmet (worn)
 k - a +0 chain mail (worn)
Scrolls
 c - 2 scrolls of teleportation
 d - a scroll of summoning {unknown}
 f - 2 scrolls of fear {unknown}
 g - a scroll of identify {unknown}
 j - a scroll of immolation {unknown}
 l - a scroll of enchant weapon {unknown}
 m - a scroll of enchant armour {unknown}
 p - a scroll of brand weapon {unknown}
Potions
 i - a potion of mutation


   Skills:
 - Level 3.6 Fighting
 + Level 7.3 Axes
 - Level 2.4 Dodging
 - Level 1.5 Stealth


You had 4 spell levels left.
You didn't know any spells.
Your spell library contained the following spells:

 Spells                   Type           Power      Damage    Failure   Level
 Freeze                   Ice            0%         1d3       100%        1
 Frozen Ramparts          Ice            0%         1d2       100%        3
 Hailstorm                Conj/Ice       0%         3d3       100%        4


Dungeon Overview and Level Annotations

Branches:
Dungeon (3/15)

Altars:
Qazlal

Annotations:
D:2 Sigmund


Innate Abilities, Weirdness & Mutations

You have large cloven feet.
You possess an exceptional clarity of mind.
You evolve.


Message History

The orc wizard hits you but does no damage.
It was a potion of invisibility.
You fade into invisibility!
The orc wizard gestures at you while chanting.
The puff of flame hits you.
* * * LOW HITPOINT WARNING * * *
You are very lightly contaminated with residual magic.
You strike the helpless orc wizard from behind!
You hit the orc wizard.
The orc wizard is severely wounded.
The orc priest mumbles some strange prayers to Beogh against you.
The orc wizard writhes in agony.
The orc wizard hits you with a +0 dagger.
* * * LOW HITPOINT WARNING * * *
You closely miss the orc wizard. You kick the orc wizard.
You kill the orc wizard!
Qazlal accepts your kill.
You have reached level 5!
You feel stronger.
You catch the helpless orc priest completely off-guard!
You hit the orc priest. You kick the orc priest.
The orc priest is lightly wounded.
The orc priest hits you but does no damage.
You catch the helpless orc priest completely off-guard!
You hit the orc priest but do no damage.
You kick the orc priest, but do no damage.
The orc priest is lightly wounded.
The orc priest barely misses you.
You hit the orc priest.
The orc priest is moderately wounded.
The orc priest hits you but does no damage.
You closely miss the orc priest.
The orc priest is moderately wounded.
The orc priest invokes the aid of Beogh against you.
You barely resist. You closely miss the orc priest.
The orc priest is moderately wounded.
The orc priest invokes the aid of Beogh against you.
Pain shoots through your body!
You die...

#. #.#
####.##.##
.........###
####.#.....#
####.#.....#
#..........#
#.##.#.....#
#.#.....#
#.##@#### ..
#o# .. #.#
.!. ... ###
#.# #.# #.#
#.#


You could see an orc priest.

Vanquished Creatures
  Terence (D:2)
  An orc wizard (D:3)
  3 adders (D:2)
  A dart slug (D:1)
  An orc (D:3)
  A ball python (D:1)
  3 endoplasms
  2 giant cockroaches (D:1)
  6 goblins
  5 hobgoblins
  6 bats
  2 frilled lizards (D:1)
  3 kobolds
  7 rats
42 creatures vanquished.

Notes
Turn   | Place    | Note
-------+----------+-------------------------------------------
     0 | D:1      | dolemite99 the Hill Orc Monk began the quest for the Orb.
     0 | D:1      | Reached XP level 1. HP: 19/19 MP: 1/1
   607 | D:1      | Reached XP level 2. HP: 18/26 MP: 2/2
   792 | D:1      | Reached skill level 5 in Axes
  1097 | D:1      | Reached XP level 3. HP: 30/31 MP: 3/3
  1516 | D:1      | Found a faded altar of an unknown god.
  1519 | D:1      | Became a worshipper of Qazlal Stormbringer
  1519 | D:1      | Reached * piety under Qazlal
  1519 | D:1      | Reached ** piety under Qazlal
  1563 | D:2      | Noticed Terence
  1575 | D:2      | Gained mutation: You evolve. [potion of mutation]
  1575 | D:2      | Gained mutation: You possess an exceptional clarity of
                  | mind. [potion of mutation]
  1590 | D:2      | Killed Terence
  1591 | D:2      | Reached skill level 6 in Axes
  1963 | D:2      | Reached XP level 4. HP: 37/39 MP: 4/4
  2014 | D:2      | Noticed Sigmund
  2441 | D:2      | Gained mutation: You have large cloven feet. [evolution]
  2475 | D:2      | Reached *** piety under Qazlal
  2536 | D:2      | Reached skill level 7 in Axes
  2607 | D:3      | Reached XP level 5. HP: 5/45 MP: 5/5
  2611 | D:3      | Killed from afar by an orc priest

Illustrated notes

Levels and vault maps discovered:
D:1:      dpeg_chamrin_arrival_tetris, layout_basic,
          shapermc_ecumenical_altar_mp_vishouse, minmay_tetromino_o2
D:2:      layout_basic, uniq_sigmund, uniq_terence
D:3:      minmay_evil_eye, layout_loops_ring, lemuel_zombie_altar_yredelemnul

Skill      XL: |  1  2  3  4 |
---------------+-------------+-----
Axes           | 5 6 7 |  7.3
Fighting       | |  3.6
Dodging        | |  2.4
Stealth        | |  1.5

Action                   |  1- 3 |  4- 6 || total
-------------------------+-------+-------++-------
Melee: Hand axe          |   121 |    57 ||   178
       Kick              |       |     9 ||     9
  Use: Potion            |     1 |     1 ||     2
       Scroll            |       |     2 ||     2
 Stab: Invisible         |       |     3 ||     3
Armor: Robe              |     8 |       ||     8
       Scale mail        |    24 |       ||    24
       Chain mail        |    15 |    31 ||    46
Dodge: Dodged            |    59 |    17 ||    76
Block: Other             |     7 |     3 ||    10

Table legend: (Time is in decaauts)
 A = Elapsed time spent in this place.
 B = Non-inter-level travel time spent in this place.
 C = Inter-level travel time spent in this place.
 D = Time resting spent in this place.
 E = Time spent auto-exploring this place.
 F = Levels seen in this place.
 G = Mean time per level.
                   A        B        C        D        E       F      G
               +--------+--------+--------+--------+--------+-----+--------+
         Total |   2612 |   2590 |     22 |    876 |   1250 |   3 |  870.7 |
       Dungeon |   2612 |   2590 |     22 |    876 |   1250 |   3 |  870.7 |
               +--------+--------+--------+--------+--------+-----+--------+

Top non-repeatable levels by time:
     D:1: 1546 daAuts
     D:2: 1017 daAuts
     D:3: 48 daAuts
